 Dungeon Crawl Stone Soup version 0.26.1-2-gb8aa6d0cf2 (webtiles) character file.

Game seed: 17592972984086968563

4134 Kaiern the Covert (level 10, -4/61 HPs)
             Began as a Kobold Enchanter on Feb 24, 2021.
             Was a Believer of Dithmenos.
             Slain by an unseen horror (7 damage)
             ... on level 10 of the Dungeon on Feb 27, 2021.
             The game lasted 00:49:39 (10728 turns).

Kaiern the Covert (Kobold Enchanter)               Turns: 10728, Time: 00:49:40

Health: -4/61      AC:  5    Str:  5    XL:     10   Next: 51%
Magic:  19/19      EV: 15    Int: 24    God:    Dithmenos [**....]
Gold:   495        SH:  0    Dex: 18    Spells: 9/21 levels left

rFire    . . .     SeeInvis .   l - +2 dagger (elec)
rCold    . . .     Faith    .   (shield restricted)
rNeg     . . .     Spirit   .   b - +0 robe
rPois    .         Reflect  .   y - +0 helmet
rElec    .         Harm     .   (no cloak)
rCorr    +         Rampage  .   q - +1 pair of gloves
Will     .....                  (no boots)
Stlth    +++++++...             A - amulet of regeneration
HPRegen  0.60/turn              t - +6 ring of intelligence
MPRegen  0.16/turn              w - ring of resist corrosion

@: wreathed by umbra
A: small, nightstalker 3
a: Renounce Religion, Shadow Step


You were on level 10 of the Dungeon.
You worshipped Dithmenos.
Dithmenos was pleased with you.
You visited 2 branches of the dungeon, and saw 11 of its levels.

You collected 495 gold pieces.

Inventory:

Hand Weapons
 a - a +2 dagger
 l - a +2 dagger of electrocution (weapon)
 o - a +2 short sword of electrocution
 x - the +5 dagger of Defilement {freeze, MP-9 Int+8}
   (You found it on level 6 of the Dungeon)

   It has been specially enchanted to freeze those struck by it, causing extra
   injury to most foes and up to half again as much damage against particularly
   susceptible opponents.
   It can also slow down cold-blooded creatures.
   It affects your intelligence (+8).
   It affects your magic capacity (-9).
Armour
 b - a +0 robe (worn)
 q - a +1 pair of gloves (worn)
 y - a +0 helmet (worn)
Jewellery
 t - a +6 ring of intelligence (left hand)
 w - a ring of resist corrosion (right hand)
 A - an amulet of regeneration (around neck)
 E - an uncursed ring of fire {unknown}
Wands
 h - a wand of flame (16)
 p - a wand of acid (18)
Scrolls
 e - a scroll of amnesia
 g - 6 scrolls of enchant armour
 m - 4 scrolls of blinking
 n - 2 scrolls of remove curse
 s - 2 scrolls of teleportation
 v - 3 scrolls of fear
 B - 2 scrolls of fog
 C - a scroll of torment {unknown}
 D - a scroll of identify
Potions
 c - 3 potions of berserk rage
 d - a potion of cancellation {unknown}
 f - a potion of magic {unknown}
 i - 2 potions of flight {unknown}
 j - a potion of might {unknown}
 k - 2 potions of attraction {unknown}
 r - 3 potions of curing
 u - a potion of brilliance {unknown}
 z - 2 potions of haste


   Skills:
 + Level 6.7 Fighting
 + Level 8.8 Short Blades
 + Level 2.0 Armour
 - Level 2.4 Dodging
 + Level 9.8 Stealth
 - Level 6.0 Spellcasting
 + Level 6.4 Hexes
 - Level 2.0 Ice Magic
 - Level 4.0 Evocations


You had 9 spell levels left.
You knew the following spells:

 Your Spells              Type           Power        Failure   Level
a - Corona                Hex            42%          1%          1
b - Ensorcelled Hibernat  Hex/Ice        54%          2%          2
c - Confusing Touch       Hex            38%          1%          3
d - Dazzling Flash        Conj/Hex       44%          6%          3
e - Tukima's Dance        Hex            38%          1%          3

Your spell library contained the following spells:

 Spells                   Type           Power        Failure   Level
 Freeze                   Ice            64%          3%          1
 Frozen Ramparts          Ice            32%          11%         3
 Ozocubu's Armour         Ice            16%          11%         3
 Hailstorm                Conj/Ice       12%          45%         4
 Summon Ice Beast         Ice/Summ       12%          45%         4
 Bolt of Magma            Conj/Fire/Erth 3%           91%         5
 Iskenderun's Battlesphe  Conj           7%           91%         5
 Iron Shot                Conj/Erth      3%           100%        6
 Orb of Destruction       Conj           3%           100%        7
 Spellforged Servitor     Conj/Summ      3%           100%        7


Dungeon Overview and Level Annotations

Branches:
Dungeon (11/15)            Temple (1/1) D:4             Orc (0/2) D:11
   Lair: D:8-11

Altars:
Ashenzari
Cheibriados
Dithmenos
Elyvilon
Hepliaklqana
Kikubaaqudgha
Makhleb
Nemelex Xobeh
Okawaru
Qazlal
Ru
Sif Muna
Trog
Uskayaw
Xom
Yredelemnul
Zin

Shops:
D:5 :


Innate Abilities, Weirdness & Mutations

You are small and have problems with some larger weapons.
You are completely attuned to the shadows.


Message History

Something barely misses you. Something hits you! Something barely misses you.
Something hits you.
* * * LOW HITPOINT WARNING * * *
Something hits you!
* * * LOW HITPOINT WARNING * * *
Something hits you.
* * * LOW HITPOINT WARNING * * *
You hit something but do no damage. Lightning courses through something!
Something hits you.
* * * LOW HITPOINT WARNING * * *
You start resting.
Something hits you but does no damage. Something hits you but does no damage.
Something completely misses you.
You start resting.
Something hits you!
* * * LOW HITPOINT WARNING * * *
Something closely misses you. Something hits you!
You die...

#.####.#..#...#.###.
#.# #....#...#.....
#.# ###..#...#....#
#.# #..#...#†...#
#.#########...#....#
#.#.......##'##....#
#.##.#######_##....#
#.##.# #####.#.#
#.##.# #.# #@#.#
#.##.# #.# #.#.#
#....# #.###.#.#
###### #.....#.#
#######.#
#######.####
............
.......#####
.......#


There were no monsters in sight!

Vanquished Creatures
  A hydra (D:11)
  A centaur zombie (D:11)
  A wraith (D:10)
  Sigmund (D:6)
  3 yaks (D:11)
  Menkaure (D:7)
  Duvessa (D:4)
  A water moccasin (D:7)
  A black bear (D:7)
  2 orc warriors
  A sky beast (D:6)
  A necrophage (D:7)
  2 phantoms
  An ogre (D:7)
  2 centaurs
  A bullfrog (D:8)
  2 scorpions
  Dowan (D:4)
  A howler monkey (D:10)
  2 bullfrog zombies (D:8)
  3 quasits
  A hound (D:3)
  8 orc wizards
  4 orc priests
  A jelly (D:10)
  A bullfrog skeleton (D:6)
  4 iguanas
  4 worker ants
  6 adders
  A shadow imp (D:7)
  A white imp (D:7)
  An ufetubus (D:5)
  An ooze (D:3)
  2 adder skeletons
  2 worms (D:3)
  A dart slug (D:1)
  3 leopard geckos
  13 orcs
  3 ball pythons (D:1)
  6 giant cockroaches
  6 goblins
  8 hobgoblins
  3 jackals (D:11)
  7 kobolds
  7 quokkas
  8 bats
  5 frilled lizards
  A leopard gecko skeleton (D:8)
  A leopard gecko zombie (D:6)
  A quokka zombie (D:7)
  4 rats
144 creatures vanquished.

Vanquished Creatures (others)
  A plant (D:5)
1 creature vanquished.

Grand Total: 145 creatures vanquished

Notes
Turn   | Place    | Note
-------+----------+-------------------------------------------
     0 | D:1      | Kaiern the Kobold Enchanter began the quest for the Orb.
     0 | D:1      | Reached XP level 1. HP: 10/10 MP: 3/3
   463 | D:1      | Reached XP level 2. HP: 16/16 MP: 5/5
  1016 | D:1      | Reached skill level 1 in Fighting
  1016 | D:1      | Reached XP level 3. HP: 19/20 MP: 4/6
  1629 | D:2      | Found an iron altar of Okawaru.
  1629 | D:2      | Found a bloodstained altar of Trog.
  1654 | D:2      | Noticed a scorpion
  1658 | D:2      | Killed a scorpion
  1659 | D:2      | Reached XP level 4. HP: 26/26 MP: 6/8
  1662 | D:2      | Learned a level 2 spell: Ensorcelled Hibernation
  1666 | D:2      | Learned a level 3 spell: Confusing Touch
  2208 | D:2      | Reached XP level 5. HP: 30/30 MP: 4/9
  2273 | D:2      | Learned a level 3 spell: Dazzling Flash
  2767 | D:2      | Reached skill level 5 in Stealth
  3425 | D:3      | Reached XP level 6. HP: 29/36 MP: 1/10
  3730 | D:3      | Noticed a phantom
  3779 | D:3      | Killed a phantom
  4106 | D:4      | Noticed Duvessa
  4107 | D:4      | Noticed Dowan
  4113 | D:4      | Killed Duvessa
  4114 | D:4      | Reached skill level 6 in Stealth
  4114 | D:4      | Reached XP level 7. HP: 30/41 MP: 4/12
  4270 | D:4      | Killed Dowan
  4376 | D:4      | Found a staircase to the Ecumenical Temple.
  4384 | Temple   | Entered the Ecumenical Temple
  4695 | Temple   | Became a worshipper of Dithmenos the Shadowed
  4747 | D:4      | Found a broken altar of Ashenzari.
  4841 | D:4      | Found a shimmering altar of Xom.
  5173 | D:5      | Entered Level 5 of the Dungeon
  5685 | D:5      | Found a basalt altar of Yredelemnul.
  5881 | D:5      | Found a white marble altar of Elyvilon.
  6398 | D:5      | Found Vuggoirph's Book Emporium.
  6409 | D:5      | Reached XP level 8. HP: 48/48 MP: 12/14
  6438 | D:5      | Found a burning altar of Makhleb.
  6513 | D:5      | Found a bloodstained altar of Trog.
  6861 | D:6      | Found a hide-covered altar of Uskayaw.
  6950 | D:6      | Reached skill level 5 in Short Blades
  7185 | D:6      | Noticed Sigmund
  7190 | D:6      | Killed Sigmund
  7191 | D:6      | Reached skill level 7 in Stealth
  7191 | D:6      | Reached skill level 5 in Hexes
  7452 | D:6      | Got a translucent dagger
  7453 | D:6      | Identified the +5 dagger of Defilement {freeze, MP-9 Int+8}
                  | (You found it on level 6 of the Dungeon)
  7558 | D:6      | Found a sacrificial altar of Ru.
  7648 | D:6      | Reached skill level 1 in Evocations
  8021 | D:7      | Reached skill level 1 in Ice Magic
  8185 | D:7      | Reached skill level 5 in Spellcasting
  8185 | D:7      | Reached XP level 9. HP: 39/52 MP: 8/16
  8338 | D:7      | Reached * piety under Dithmenos
  8381 | D:7      | Reached skill level 5 in Fighting
  8458 | D:7      | Learned a level 3 spell: Tukima's Dance
  8510 | D:7      | Found a broken altar of Ashenzari.
  8751 | D:7      | Reached skill level 8 in Stealth
  8755 | D:7      | Noticed Menkaure
  8766 | D:7      | Killed Menkaure
  9649 | D:8      | You fall into a shaft and drop 3 floors!
  9734 | D:11     | Noticed a cyclops
  9801 | D:11     | Noticed a four-headed hydra
  9806 | D:11     | Killed a four-headed hydra
  9807 | D:11     | Reached skill level 9 in Stealth
  9807 | D:11     | Reached XP level 10. HP: 55/60 MP: 17/19
  9895 | D:11     | Reached skill level 1 in Armour
 10082 | D:11     | Found a staircase to the Orcish Mines.
 10119 | D:11     | Reached ** piety under Dithmenos
 10408 | D:11     | Noticed a cyclops
 10408 | D:11     | Noticed a freezing wraith
 10409 | D:11     | Noticed a yaktaur
 10456 | D:10     | Entered Level 10 of the Dungeon
 10628 | D:10     | Found a shimmering blue altar of Sif Muna.
 10727 | D:10     | HP: 3/61 [something (8)]
 10728 | D:10     | Slain by an unseen horror

Illustrated notes

Levels and vault maps discovered:
D:1:      dpeg_arrival_concentric_ovals, layout_basic, kennysheep_boxes
D:2:      layout_basic, gammafunk_temple_overflow_statue, st_stairs_12
D:3:      layout_rooms, grunt_ministairs_10, patterned_corridor
D:4:      layout_layer_cave, lemuel_doored_altar, lemuel_coloured_pillars_altar,
          minmay_temple_entry_mist, serial_shops, nicolae_shop_waterfront,
          uniq_duvessa
D:5:      layout_gridville, kennysheep_little_box, bloody_makhleb, serial_shops,
          shop_statue, basic_altar, serial_bayou_pond_d, trog_book
D:6:      layout_cave_pods, hangedman_ru_absence, kennysheep_mini, uniq_sigmund
D:7:      layout_gridville, cheibrodos_ashenzari_chains, uniq_menkaure
D:8:      layout_gridville, pdpol_wu_jian_five_deadly_venoms,
          lemuel_crystal_altar, minmay_misc_feat_four_crosses,
          nrook_loot_triangle
D:10:     layout_basic, serial_shops, shop, minmay_misc_feat_encased,
          lemuel_blue_sif_altar
D:11:     layout_stronghold, erik_lair_orcish_takeover, orc_0_dummy,
          gauntlet_entry_generic, minivault_28
Temple:   compressed_dpeg_triangle_lava_temple

Skill      XL: |  1  2  3  4  5  6  7  8  9 10 |
---------------+-------------------------------+-----
Short Blades   | 2 3 4 6 8 |  8.8
Fighting       | 1 2 3 4 6 |  6.7
Stealth        | 5 6 7 9 |  9.8
Spellcasting   | 3 4 5 6 |  6.0
Hexes          | 4 5 6 |  6.4
Evocations     | 1 4 |  4.0
Ice Magic      | 1 2 |  2.0
Armour         | 2 |  2.0
Dodging        | |  2.4

Action                   |  1- 3 |  4- 6 |  7- 9 | 10-12 || total
-------------------------+-------+-------+-------+-------++-------
Melee: Dagger            |    81 |    83 |   190 |    62 ||   416
 Cast: Corona            |     7 |     1 |     4 |       ||    12
       Ensorcelled Hiber |       |    31 |    19 |     2 ||    52
       Confusing Touch   |       |     2 |    17 |    11 ||    30
       Dazzling Flash    |       |       |     1 |     1 ||     2
  Use: Scroll            |       |     8 |     7 |     1 ||    16
 Stab: Sleeping          |    15 |    32 |    33 |     7 ||    87
       Confused          |       |     2 |    10 |     6 ||    18
       Invisible         |       |       |     1 |       ||     1
Armor: Robe              |    11 |     1 |    31 |    13 ||    56
Dodge: Dodged            |    59 |    43 |   122 |    32 ||   256
